 Dungeon Crawl Stone Soup version 0.19.3-4-gbf9329e (webtiles) character file.

416 Alarkh the Chopper (level 6, -6/47 HPs)
             Began as a Demonspawn Chaos Knight on Jan 28, 2017.
             Mangled by a thrashing horror (14 damage)
             ... on level 1 of the Abyss.
             The game lasted 00:05:33 (3946 turns).

Alarkh the Chopper (Demonspawn Chaos Knight)        Turns: 3946, Time: 00:05:34

Health: -6/47      AC:  7    Str: 11 (12) XL:     6   Next: 60%
Magic:  6/6        EV: 11    Int: 13 (15) God:    Xom [......]
Gold:   214        SH:  0    Dex: 12 (13) Spells: 0 memorised, 5 levels left

rFire  + . .     SeeInvis .     a - +0 war axe
rCold  . . .     Gourm    .     b - +2 leather armour
rNeg   . . .     Faith    .     (no shield)
rPois  .         Spirit   .     (helmet restricted)
rElec  .         Reflect  .     (no cloak)
rCorr  .         Harm     .     l - +0 pair of gloves
MR     .....                    e - +0 pair of boots
Stlth  ++........               (no amulet)
                                (no ring)
                                (no ring)

@: very slightly contaminated
A: antennae 1, fire resistance 1, nightstalker 1, wild magic 1, flame cloud
immunity
a: Renounce Religion


You were on level 1 of the Abyss.
You worshipped Xom.
You were a very special plaything of Xom.
You were not hungry.

You visited 1 branch of the dungeon, and saw 4 of its levels.
You visited the Abyss 1 time.

You collected 214 gold pieces.

Inventory:

Hand Weapons
 a - a +0 war axe (weapon)
 w - a +0 hand axe of chaos
Armour
 b - a +2 leather armour (worn)
 e - a +0 pair of boots (worn)
 k - a cursed -1 helmet
 l - a +0 pair of gloves (worn)
 o - a +2 ring mail of poison resistance
Wands
 d - a wand of random effects (30/48)
 u - a wand of slowing (23/48)
Scrolls
 p - a scroll of random uselessness {unknown}
 r - a scroll of identify {unknown}
 v - a scroll of recharging {unknown}
Comestibles
 c - 2 bread rations
 f - a meat ration
 x - 3 fruits


   Skills:
 - Level 3.0 Fighting
 + Level 6.9 Axes
 - Level 1.7 Armour
 - Level 0.8 Dodging


You had 5 spell levels left.
You didn't know any spells.

Dungeon Overview and Level Annotations

Branches:
Dungeon (4/15)
 Temple: D:4-7

Altars:
Cheibriados
Hepliaklqana
Sif Muna
Vehumet
Yredelemnul
Zin

Annotations:
D:3 Grinder


Innate Abilities, Weirdness & Mutations

Your flesh is heat resistant. (rF+)
You are slightly more attuned to the shadows.
You are immune to clouds of flame.
You have a pair of small antennae on your head.
Your spells are a little harder to cast, but a little more powerful.


Message History

The spatial maelstrom closely misses your quasit.
Your quasit bites the thrashing horror but does no damage.
Your quasit barely misses the thrashing horror.
Your quasit claws the thrashing horror but does no damage.
The thrashing horror tramples you!
* * * LOW HITPOINT WARNING * * *
You stumble backwards!
A spatial vortex comes into view.
The thrashing horror roars!
The spatial vortex moves out of view.
The thrashing horror tramples you!
* * * LOW HITPOINT WARNING * * *
You hold your ground!
The thrashing horror tramples you but does no damage.
A spatial vortex comes into view.
Unknown command.
The thrashing horror roars!
Your quasit barely misses the spatial vortex.
Your quasit claws the spatial vortex. x2; The thrashing horror tramples you!
You die...
Xom howls with laughter!

# ## ..#.##. ##
..#....#. .#
.#.#....##....
##...###@..#
..#...X#### .
#..#.v...# ..
#....v...# #
....###55#5#.# #
##......5....#
#........####....
..###..#v##{###..
. ##.#.#.#.#....


You could see a spatial maelstrom, a spatial vortex, a thrashing horror, a
friendly quasit and 2 friendly ufetubi.

Vanquished Creatures
  A hound (D:4)
  4 orc priests (D:4)
  An orc wizard (D:4)
  Jessica (D:3)
  4 worker ants (D:4)
  5 adders
  3 worms
  2 dart slugs
  A leopard gecko (D:2)
  14 orcs
  3 giant cockroaches
  4 goblins
  5 hobgoblins
  10 kobolds
  A ball python (D:1)
  3 bats
  2 frilled lizards
  5 rats
69 creatures vanquished.

Notes
Turn   | Place    | Note
-------+----------+-------------------------------------------
     0 | D:1      | Alarkh the Demonspawn Chaos Knight began the quest for the Orb.
     0 | D:1      | Reached XP level 1. HP: 18/18 MP: 1/1
   231 | D:1      | Reached skill level 3 in Axes
   380 | D:1      | Gained mutation: You are slightly more attuned to the shadows. [demonic ancestry]
   380 | D:1      | Reached XP level 2. HP: 24/24 MP: 2/2
   696 | D:2      | Reached XP level 3. HP: 26/29 MP: 3/3
   939 | D:2      | XOM: divination: detect creatures
   963 | D:2      | Reached skill level 4 in Axes
  1356 | D:2      | Found a basalt altar of Yredelemnul.
  1356 | D:2      | Found a glowing silver altar of Zin.
  1357 | D:2      | Found a hazy altar of Hepliaklqana.
  1358 | D:2      | Found a deep blue altar of Sif Muna.
  1364 | D:2      | Found a snail-covered altar of Cheibriados.
  1367 | D:2      | Found a radiant altar of Vehumet.
  1371 | D:2      | XOM: divination: detect creatures
  1392 | D:2      | XOM: scenery: 2 doors close
  1460 | D:3      | XOM: silly message
  1551 | D:3      | Noticed Jessica
  1555 | D:3      | Killed Jessica
  1555 | D:3      | Gained mutation: Your flesh is heat resistant. (rF+) [demonic ancestry]
  1555 | D:3      | Reached XP level 4. HP: 35/35 MP: 4/4
  2042 | D:3      | Noticed Grinder
  2042 | D:3      | XOM: mild Summ miscast
  2042 | D:3      | Paralysed by Grinder for 4 turns
  2289 | D:3      | Reached skill level 5 in Axes
  2558 | D:3      | XOM: swap monsters
  2690 | D:4      | Gained mutation: You are immune to clouds of flame. [demonic ancestry]
  2690 | D:4      | Reached XP level 5. HP: 21/41 MP: 5/5
  3086 | D:4      | XOM: 7-stop teleportation journey
  3087 | D:4      | XOM: medium Pois miscast
  3219 | D:4      | XOM: give mutation
  3219 | D:4      | Gained mutation: You have a pair of small antennae on your head. [Xom's mischief]
  3266 | D:4      | Reached skill level 6 in Axes
  3268 | D:4      | XOM: harmless Summ miscast
  3281 | D:4      | Reached XP level 6. HP: 32/47 MP: 6/6
  3289 | D:4      | XOM: stat loss: -1 Dex (11/13)
  3502 | D:4      | Gained mutation: Scrolls take you a little longer to read. [potion of mutation]
  3502 | D:4      | Gained mutation: Your spells are a little harder to cast, but a little more powerful. [potion of mutation]
  3502 | D:4      | Lost mutation: Scrolls take you a little longer to read. [potion of mutation]
  3634 | D:4      | XOM: severe Tloc miscast
  3634 | D:4      | Cast into level 1 of the Abyss (the severe capriciousness of Xom)
  3682 | Abyss:1  | XOM: mild Ice miscast
  3726 | Abyss:1  | Noticed a large abomination
  3730 | Abyss:1  | XOM: harmless Erth miscast
  3793 | Abyss:1  | Found a corrupted altar of Lugonu.
  3856 | Abyss:1  | Noticed a raiju
  3856 | Abyss:1  | XOM: butterfly on damage
  3858 | Abyss:1  | Noticed a large abomination
  3859 | Abyss:1  | XOM: fog
  3860 | Abyss:1  | XOM: potion effect (haste)
  3882 | Abyss:1  | Found a corrupted altar of Lugonu.
  3924 | Abyss:1  | Noticed a thrashing horror
  3930 | Abyss:1  | Noticed a large abomination
  3935 | Abyss:1  | Noticed a spatial vortex
  3936 | Abyss:1  | Noticed a spatial vortex
  3936 | Abyss:1  | Noticed a spatial vortex
  3937 | Abyss:1  | Noticed a spatial vortex
  3938 | Abyss:1  | Noticed a spatial vortex
  3938 | Abyss:1  | Noticed a spatial maelstrom
  3940 | Abyss:1  | Noticed an ancient zyme
  3941 | Abyss:1  | Noticed a spatial vortex
  3941 | Abyss:1  | Noticed a spatial vortex
  3942 | Abyss:1  | XOM: summons 6 friendly demons
  3944 | Abyss:1  | Noticed a spatial vortex
  3944 | Abyss:1  | Noticed a spatial vortex
  3944 | Abyss:1  | XOM: noise
  3945 | Abyss:1  | Noticed a spatial vortex
  3946 | Abyss:1  | Noticed a spatial vortex
  3946 | Abyss:1  | Mangled by a thrashing horror

Skill      XL: |  1  2  3  4  5 |
---------------+----------------+-----
Axes           | 3 4 5 6 |  6.9
Fighting       | |  3.0
Armour         | |  1.7
Dodging        | |  0.8

Action                   |  1- 3 |  4- 6 || total
-------------------------+-------+-------++-------
Melee: Hand axe          |    89 |    44 ||   133
       War axe           |       |   116 ||   116
  Use: Scroll            |       |     6 ||     6
       Potion            |       |    10 ||    10
 Stab: Sleeping          |     1 |     3 ||     4
  Eat: Chunk             |     2 |     8 ||    10
Armor: Leather armour    |    24 |    51 ||    75
       Skin              |       |    14 ||    14
Dodge: Dodged            |    47 |    83 ||   130
